 Dungeon Crawl Stone Soup version 0.32-a0-481-g9ce6b883f8 (webtiles) character file.

Game seed: 16038979675269863059

1689124 nakedcarnage the Slayer (level 27, 188/241 HPs)
             Began as an Octopode Wanderer on Feb 26, 2024.
             Was the Champion of Hepliaklqana.
             Escaped with the Orb
             ... and 3 runes!
             The game lasted 02:18:07 (71455 turns).

nakedcarnage the Slayer (Octopode Wanderer)        Turns: 71455, Time: 02:18:08

Health: 188/241    AC: 32    Str: 15    XL:     27
Magic:  35/35      EV: 51    Int: 31    God:    Hepliaklqana [******]
Gold:   3211       SH: 23    Dex: 37    Spells: 4/42 levels left

rFire   + + .        d - +9 demon trident (elec)
rCold   + + .        z - +5 kite shield {AC+3}
rNeg    + + +        g - +2 hat of the Snake Pit {rPois rC++ rCorr Stlth+}
rPois   ∞            b - amulet "Cete" {Acrobat rElec rPois Slay+2}
rElec   +            v - +6 ring of dexterity
rCorr   +            J - +5 ring of evasion
SInv    .            K - +6 ring of dexterity
Will    ++++.        G - ring "Qadok" {rN+ Will++ Str-4 Int+4}
Stlth   ++           w - +6 ring of dexterity
HPRegen 0.60/turn    H - +6 ring of dexterity
MPRegen 0.24/turn    f - ring of Morality {Fly rF+ EV+5}
                     r - ring "Hurintet" {rF+ rN++ Str+2 Int+6}

%: acrobat
@: statue-form, flying, very slow
A: slow and powerful, torment resistance 1, boosted hp, reduced essence, almost
no armour, amphibious, 8 rings, camouflage 1, (gelatinous body 1), (nimble
swimmer 1), tentacles, mutation resistance 1
0: Orb of Zot
}: 3/15 runes: barnacled, silver, gossamer
a: Begin Untransformation, Renounce Religion, Recall Ancestor, Ancestor
Identity, Transference, Idealise


You escaped.
You worshipped Hepliaklqana.
Hepliaklqana was exalted by your worship.
You were a living statue of rough stone.
You visited 11 branches of the dungeon, and saw 51 of its levels.
You visited the Abyss 1 time.
You also visited: Gauntlet and Ice Cave.

You collected 8186 gold pieces.
You spent 4975 gold pieces at shops.

Inventory:

Hand Weapons
 d - a +9 demon trident of electrocution (weapon)
 x - the +8 trishula "Condemnation" {holy, anguish, *Noise Fly rN+}
   (You found it on level 3 of the Depths)

   rN+:       It protects you from negative energy.
   Fly:       It grants you flight.
   *Noise:    It may make a loud noise when swung.
 O - a +9 vampiric trident
Missiles
 Y - 12 throwing nets {!f}
Armour
 g - the +2 hat of the Snake Pit (worn) {rPois rC++ rCorr Stlth+}
   (You found it on level 1 of the Vaults)

   rC++:      It greatly protects you from cold.
   rPois:     It protects you from poison rCorr: It protects you from acid and
   corrosion.
   Stlth+:    It makes you more stealthy.
 z - a +5 kite shield of protection (worn)
Jewellery
 b - the amulet "Cete" (around mantle) {Acrobat rElec rPois Slay+2}
   (You took it off a tengu reaver on level 5 of the Vaults)

   [amulet of the acrobat]

   Acrobat:   It increases your evasion while moving and waiting.
   Slay+2:    It affects your accuracy & damage with ranged weapons and melee
   (+2).
   rElec:     It insulates you from electricity.
   rPois:     It protects you from poison
 f - the ring of Morality (on tentacle) {Fly rF+ EV+5}
   (You found it on level 3 of the Depths)

   [ring of evasion]

   EV+5:      It affects your evasion (+5).
   rF+:       It protects you from fire.
   Fly:       It grants you flight.
 h - the ring "Sesonw Peow" {Int+6 Slay+3 SInv}
   (You found it on level 15 of the Dungeon)

   [ring of intelligence]

   Int+6:     It affects your intelligence (+6).
   Slay+3:    It affects your accuracy & damage with ranged weapons and melee
   (+3).
   SInv:      It lets you see invisible.
 k - the ring "Diriph" {Fly rF+ Will- MP+9 Slay+2}
   (You found it in a Gauntlet)

   [ring of flight]

   Slay+2:    It affects your accuracy & damage with ranged weapons and melee
   (+2).
   rF+:       It protects you from fire.
   Will-:     It decreases your willpower.
   MP+9:      It affects your magic capacity (+9).
   Fly:       It grants you flight.
 n - the ring of the Evening {rC++ Int+2 Slay+4}
   (You found it on level 3 of the Depths)

   [ring of slaying]

   Int+2:     It affects your intelligence (+2).
   Slay+4:    It affects your accuracy & damage with ranged weapons and melee
   (+4).
   rC++:      It greatly protects you from cold.
 q - the ring "Ebunileo" {rElec rCorr Str+3}
   (You took it off a deep elf high priest on level 3 of the Elven Halls)

   [ring of resist corrosion]

   Str+3:     It affects your strength (+3).
   rElec:     It insulates you from electricity.
   rCorr:     It protects you from acid and corrosion.
 r - the ring "Hurintet" (on tentacle) {rF+ rN++ Str+2 Int+6}
   (You found it on level 3 of the Crypt)

   [ring of intelligence]

   Str+2:     It affects your strength (+2).
   Int+6:     It affects your intelligence (+6).
   rF+:       It protects you from fire.
   rN++:      It greatly protects you from negative energy.
 s - the ring "Forget-Me-Not" {Wiz SInv}
   (You took it off an orc knight on level 5 of the Vaults)

   [ring of wizardry]

   Wiz:       It improves your spell success rate.
   SInv:      It lets you see invisible.
 t - the ring of Cytitim {rF+ rN++ SInv}
   (You found it on level 3 of the Crypt)

   [ring of see invisible]

   rF+:       It protects you from fire.
   rN++:      It greatly protects you from negative energy.
   SInv:      It lets you see invisible.
 v - a +6 ring of dexterity (left tentacle)
 w - a +6 ring of dexterity (on tentacle)
 G - the ring "Qadok" (on tentacle) {rN+ Will++ Str-4 Int+4}
   (You took it off a deep elf demonologist on level 3 of the Elven Halls)

   [ring of positive energy]

   Str-4:     It affects your strength (-4).
   Int+4:     It affects your intelligence (+4).
   rN+:       It protects you from negative energy.
   Will++:    It greatly increases your willpower.
 H - a +6 ring of dexterity (on tentacle)
 I - the ring "Roathrueh" {rC+ rCorr MP+9}
   (You took it off a deep elf sorcerer on level 3 of the Elven Halls)

   [ring of magical power]

   rC+:       It protects you from cold.
   MP+9:      It affects your magic capacity (+9).
   rCorr:     It protects you from acid and corrosion.
 J - a +5 ring of evasion (right tentacle)
 K - a +6 ring of dexterity (on tentacle)
 V - the ring "Xymmoh" {rC+ rN+ Str+4}
   (You found it on level 5 of the Lair of Beasts)

   [ring of positive energy]

   Str+4:     It affects your strength (+4).
   rC+:       It protects you from cold.
   rN+:       It protects you from negative energy.
 W - a +6 ring of strength
 Z - an amulet of guardian spirit
Talismans
 S - a granite talisman (active)
Wands
 B - a wand of acid (15) {@v1}
 E - a wand of paralysis (28)
 M - a wand of roots (76)
 Q - a wand of digging (6) {@v3}
Scrolls
 i - 9 scrolls of blinking {@r4}
 j - a scroll of butterflies
 m - 2 scrolls of silence
 p - 22 scrolls of teleportation {@r3}
 A - 11 scrolls of fog
 T - 3 scrolls of fear
Potions
 a - 31 potions of curing {@q1}
 e - 10 potions of lignification
 l - 5 potions of enlightenment
 o - 4 potions of cancellation
 u - 12 potions of might {@q3}
 C - 3 potions of invisibility
 L - 11 potions of mutation
 N - 18 potions of heal wounds {@q2}
 P - 5 potions of ambrosia
 R - 4 potions of magic
 U - 8 potions of resistance {@q5}
 X - a potion of haste {@q4}
Miscellaneous
 c - a phial of floods
 y - a lightning rod (4/4)
 D - a sack of spiders


   Skills:
 - Level 22.0 Fighting
 - Level 2.0 Long Blades
 - Level 1.0 Maces & Flails
 - Level 22.0 Polearms
 - Level 21.0 Dodging
 - Level 3.0 Stealth
 - Level 15.0 Shields
 - Level 8.0 Spellcasting
 - Level 7.0 Hexes
 - Level 15.0 Summonings
 - Level 7.0 Translocations
 - Level 5.0 Ice Magic
 - Level 7.0 Air Magic
 - Level 5.0 Earth Magic
 - Level 17.5 Invocations
 + Level 17.5 Evocations
 - Level 16.0 Shapeshifting


You had 4 spell levels left.
You knew the following spells:

 Your Spells              Type           Power      Damage    Failure   Level
a - Manifold Assault      Tloc           54%        N/A       3%          4
b - Lesser Beckoning      Tloc           100%       N/A       1%          2
c - Ozocubu's Armour      Ice            43%        N/A       2%          3
d - Summon Lightning Spi  Summ/Air       69%        N/A       1%          4
e - Summon Ice Beast      Ice/Summ       65%        N/A       1%          3
f - Summon Mana Viper     Hex/Summ       69%        N/A       1%          5
g - Apportation           Tloc           100%       N/A       1%          1
h - Monstrous Menagerie   Summ           40%        N/A       12%         7
i - Blink                 Tloc           100%       N/A       1%          2
j - Passwall              Erth           43%        N/A       2%          3
k - Vhi's Electric Charg  Tloc/Air       100%       N/A       3%          4

Your spell library contained the following spells:

 Spells                   Type           Power      Damage    Failure   Level
 Summon Small Mammal      Summ           100%       N/A       0%          1
 Shock                    Conj/Air       100%       1d9       1%          1
 Slow                     Hex            100%       N/A       1%          1
 Ensorcelled Hibernation  Hex/Ice        98%        N/A       1%          2
 Jinxbite                 Hex            100%       N/A       1%          2
 Call Canine Familiar     Summ           81%        N/A       1%          3
 Swiftness                Air            54%        N/A       1%          3
 Tukima's Dance           Hex            54%        N/A       1%          3
 Mercury Vapours          Alch/Air       68%        N/A       2%          2
 Momentum Strike          Conj/Tloc      68%        3d9       2%          2
 Static Discharge         Conj/Air       68%        3-6/arc   2%          2
 Airstrike                Air            27%        2d(4-20)  3%          4
 Cause Fear               Hex            27%        N/A       3%          4
 Dimensional Bullseye     Hex/Tloc       27%        N/A       3%          4
 Martyr's Knell           Necr/Summ      56%        N/A       3%          4
 Summon Blazeheart Golem  Fire/Summ      56%        N/A       3%          4
 Cigotuvi's Dreadful Rot  Necr/Alch/Air  52%        N/A       4%          2
 Dazzling Flash           Conj/Hex       68%        N/A       4%          3
 Inner Flame              Hex/Fire       34%        N/A       4%          3
 Foxfire                  Conj/Fire      48%        2x1d6     7%          1
 Magic Dart               Conj           48%        1d5       7%          1
 Necrotise                Necr           48%        1d6       7%          1
 Sting                    Conj/Alch      48%        1d6       7%          1
 Hailstorm                Conj/Ice       27%        3d8       8%          3
 Stone Arrow              Conj/Erth      54%        3d10      8%          3
 Mephitic Cloud           Conj/Alch/Air  26%        N/A       9%          3
 Searing Ray              Conj           24%        2d5       11%         2
 Anguish                  Hex/Necr       17%        N/A       16%         4
 Iskenderun's Mystic Bla  Conj/Tloc      34%        2d8       16%         4
 Fugue of the Fallen      Necr           12%        N/A       21%         3
 Brom's Barrelling Bould  Conj/Erth      27%        2d5       24%         4
 Animate Dead             Necr           12%        N/A       56%         4
 Dispel Undead            Necr           12%        3d9       56%         4
 Flame Wave               Conj/Fire      12%        2d6       56%         4
 Fulminant Prism          Conj/Alch      6%         3d7       56%         4
 Ignite Poison            Fire/Alch      12%        N/A       56%         4
 Olgreb's Toxic Radiance  Alch           12%        N/A       56%         4
 Sticky Flame             Fire/Alch      12%        2d5       56%         4
 Metabolic Englaciation   Hex/Ice        24%        N/A       16%         5
 Lee's Rapid Deconstruct  Erth           21%        3d12*     24%         5
 Freezing Cloud           Conj/Ice/Air   18%        6-21      36%         5
 Arcjolt                  Conj/Air       17%        1d27      41%         5
 Yara's Violent Unravell  Hex/Alch       17%        3d8       41%         5
 Dispersal                Tloc           27%        N/A       52%         6
 Borgnjor's Vile Clutch   Necr/Erth      13%        N/A       56%         5
 Fireball                 Conj/Fire      6%         3d5       88%         5
 Irradiate                Conj/Alch      6%         3d13      88%         5
 Iskenderun's Battlesphe  Conj           12%        2d7       88%         5
 Conjure Ball Lightning   Conj/Air       17%        3x3d6     94%         6
 Plasma Beam              Fire/Air       17%        2x1d28    94%         6
 Haunt                    Necr/Summ      28%        N/A       95%         7
 Spellforged Servitor     Conj/Summ      28%        N/A       95%         7
 Enfeeble                 Hex            27%        N/A       97%         7
 Bombard                  Conj/Erth      13%        9d3       98%         6
 Sculpt Simulacrum        Ice/Alch       13%        N/A       98%         6
 Death Channel            Necr           6%         N/A       100%        6
 Starburst                Conj/Fire      6%         6d4       100%        6
 Ozocubu's Refrigeration  Ice            21%        4d12      100%        7
 Discord                  Hex            27%        N/A       100%        8
 Disjunction              Tloc           27%        N/A       100%        8
 Infestation              Necr           6%         N/A       100%        8
 Dragon's Call            Summ           40%        N/A       100%        9
 Animate Armour           Summ/Erth      Unusable   N/A       N/A         4

Dungeon Overview and Level Annotations

Branches:
Dungeon (15/15)            Temple (1/1) D:4            Lair (5/5) D:10
 Shoals (4/4) Lair:2       Spider (4/4) Lair:3        Slime (0/5) Lair:5
    Orc (2/2) D:12            Elf (3/3) Orc:2        Vaults (5/5) D:13
  Crypt (3/3) Vaults:3       Tomb (0/3) Crypt:3      Depths (4/4) D:15
    Zot (5/5) Depths:4      IceCv (visited)         Gauntlet (visited)

Altars:
Ashenzari
Cheibriados
Dithmenos
Elyvilon
Fedhas
Gozag
Hepliaklqana
Kikubaaqudgha
Makhleb
Nemelex Xobeh
Okawaru
Qazlal
Ru
Sif Muna
Trog
Uskayaw
Vehumet
Wu Jian
Xom
Yredelemnul
Zin
The Shining One

Shops:
D:4 *[   D:13 [   D:14 (   Orc:2 *[!(   Elf:1 *   Vaults:2 ?   Vaults:4 !
Depths:1 !

Portals:
Hell: Depths:1 Depths:2 Depths:3 Depths:4
Abyss: Depths:3
Pandemonium: Depths:2 Depths:3
Ziggurat: Depths:3
Trove: D:12 (give horn of Geryon)

Annotations:
D:15 exclusion: obsidian statue
Lair:5 1 exclusion
Elf:2 1 runed translucent door
Depths:3 1 transporter
Zot:2 1 runed translucent door, Ganeol's ghost, legendary MiBe


Innate Abilities, Weirdness & Mutations

You are a living statue of rough stone.
Your actions are slow, but your melee attacks are powerful.
You are resistant to unholy torment.
Your maximum health is greatly increased.
Your life essence is reduced to manifest your ancestor. (-10% HP)
You cannot wear most types of armour.
You are amphibious.
You can wear up to eight rings at the same time.
You are immune to poison.
Your skin changes colour to match your surroundings (Stealth+).
((Your rubbery body absorbs attacks. (AC +1, EV +1)))
((You are camouflaged when in or above water. (Stealth+)))
You have tentacles for arms and can constrict up to eight enemies at once.
You are somewhat resistant to further mutation.


Message History

The daeva calls down the wrath of the Shining One upon you.
The Shining One smites you!
* * * LOW HITPOINT WARNING * * *
The cherub shoots an arrow.
The arrow hits Soruarai!
The seraph gestures.
The seraph begins to accept its allies' injuries.
Soruarai closely misses the angel.
The angel hits Soruarai with a +2 whip of holy wrath!!
The angel hits Soruarai with a +2 whip of holy wrath!
Soruarai is destroyed!
The cherub's human head shouts!
You fly upwards.
The daeva dissolves into sparkling lights!
The cherub dissolves into sparkling lights!
The angel dissolves into sparkling lights! x2
There is a stone staircase leading down here.
Blink to where?
Press: ? - help, Dir - move target
As you read the scroll of blinking {@r4}, it crumbles to dust.
Soruarai is still trapped in memory!
Blink to where?
Press: ? - help, Dir - move target
As you read the scroll of blinking {@r4}, it crumbles to dust.
You feel yourself speed up.
A small abomination and a large abomination come into view.
Fugo Nue comes into view. It is armed with a freezing touch.
Blink to where?
Press: ? - help, Dir - move target
As you read the scroll of blinking {@r4}, it crumbles to dust.
There is a stone staircase leading up here.
You fly upwards.
There is a stone staircase leading down here.
There is an open door here.
Your extra speed is starting to run out.
You feel yourself slow down.
There is an escape hatch in the ceiling here.
A mysterious force pulls you upwards. The hatch slams shut behind you.
There is a staircase leading out of the dungeon here.
Soruarai emerges from the mists of memory!
You have escaped!

...............###............#
............#............##..####
..........###.#####....####..# #.
..#######.####.###.#.........###.
..>........# ##.#.###............
...........## ##.## ##.#.###.#.#.
..........#.###.#.###.##.# #.#.#.
..........##.#.#.#.#.###.# #.#.##
..........###.#.IR#.## #.#####.##
..........##.#.#.#.#.###.....#...
..........#.###.#.###.##.###.#.##
...#####...## ##.## ##...# #.#..#
.#.....#....###.#.## ##### #.####
...###.#.....#.###.## #..... ...#
#.#.###..#####.# ########
...###.#............######.......
...'...####...###.#...).##.......


You could see the friendly Soruarai the battlemage.

Vanquished Creatures
  3 dread liches
  An ancient lich (Crypt:3)
  2 orbs of fire (Zot:5)
  A juggernaut (Depths:3)
  6 Killer Klowns (Zot:5)
  A caustic shrike (Depths:3)
  4 curse toes
  Saint Roka (Orc:2)
  Nikola (Shoals:1)
  2 pearl dragons (Depths:2)
  A golden dragon (Zot:2)
  Jory (Crypt:1)
  2 electric golems (Zot:5)
  5 tentacled monstrosities
  An Ice Fiend (Depths:1)
  Rupert (D:14)
  A deep elf blademaster (Elf:2)
  2 liches
  3 titans (Vaults:5)
  A walking earthen tome (Depths:3)
  A quicksilver dragon (Zot:2)
  16 Orb Guardians (Zot:5)
  A walking frostbound tome (Depths:3)
  Asterion (Spider:1)
  A deep elf master archer (Elf:3)
  3 sphinxes
  2 death cobs (Zot:2)
  Frances (D:13)
  7 shadow dragons
  2 ancient champions
  9 storm dragons
  4 tengu reavers
  Donald (Vaults:4)
  Aizul (Vaults:1)
  6 protean progenitors
  A draconian monk (Depths:4)
  8 fire giants
  3 deep elf sorcerers (Elf:3)
  A revenant (Crypt:1)
  3 azure jellies (IceCv)
  Ilsuiw (Shoals:3)
  2 iron dragons
  2 draconian scorchers
  4 frost giants
  7 ghost moths
  A draconian shifter (Zot:5)
  11 vault wardens
  A curse skull (Crypt:3)
  A caustic shrike zombie (Crypt:3)
  A reaper (Crypt:2)
  A draconian stormcaller (Zot:2)
  6 deep elf elementalists (Elf:3)
  A juggernaut zombie (Crypt:3)
  4 stone giants
  2 quicksilver oozes (IceCv)
  11 ironbound preservers
  The ghost of paps the Basher, a journeyman TrGl of Gozag (Lair:5)
  A spriggan defender (Depths:2)
  14 vampire knights
  8 very ugly things
  2 broodmothers
  2 ironbound thunderhulks
  6 deep elf death magi
  2 deep elf demonologists (Elf:3)
  12 dire elephants
  4 deep elf annihilators (Elf:3)
  5 black draconians
  7 white draconians
  4 green draconians
  A war gargoyle (Vaults:5)
  A purple draconian (Zot:3)
  3 yellow draconians
  2 red draconians (Zot:5)
  Azrael (D:14)
  2 spark wasps (Depths:3)
  4 eidola
  4 merfolk javelineers
  The ghost of Revguard the Carver, a journeyman DsGl of Uskayaw (D:10)
  7 ettins
  2 fire dragons
  4 yaktaur captains
  3 merfolk impalers (Shoals:4)
  4 deep elf high priests (Elf:3)
  13 jiangshi
  2 entropy weavers
  Harold (Lair:1)
  A fenstrider witch zombie (Crypt:1)
  2 spriggan zombies
  7 ice dragons
  21 vault guards
  3 great orbs of eyes
  4 spriggan air magi
  A rakshasa (D:15)
  3 ironbound frosthearts
  2 peacekeepers (Vaults:4)
  2 ogre magi (Vaults:5)
  2 hydras
  3 spriggan skeletons
  6 centaur warriors
  2 radroaches (Zot:5)
  3 anacondas (Zot:2)
  6 merfolk aquamancers
  5 deep troll shamans
  3 satyrs
  27 dancing weapons
  3 merfolk avatars
  A death knight (Crypt:2)
  5 two-headed ogres
  6 death yaks
  4 boulder beetles
  2 hell hogs (Zot:2)
  A spriggan berserker (Depths:2)
  3 tengu warriors
  A thrashing horror (Gauntlet)
  5 deep troll earth magi
  A demonic crawler (Spider:1)
  2 vampire magi
  A naga sharpshooter (Depths:3)
  2 orc high priests (Orc:2)
  7 hell knights
  A storm dragon zombie (Crypt:3)
  A spectral death yak (Lair:5)
  9 deep elf knights
  3 soul eaters
  A fire crab (Gauntlet)
  A skyshark (Shoals:1)
  8 sea snakes
  23 skeletal warriors
  3 pharaoh ants
  3 iron trolls
  4 orb spiders
  A bog body (Crypt:3)
  27 deep trolls
  2 glowing orange brains
  2 arcanists
  6 flayed ghosts
  A shadow dragon zombie (Crypt:3)
  A wolf spider zombie (Crypt:3)
  10 deep elf archers
  12 ironbound convokers
  7 steelbarb worms
  Pikel (D:8)
  7 harpies
  4 necromancers
  An obsidian statue (Lair:5)
  24 deep elf pyromancers
  13 phantasmal warriors
  24 deep elf zephyrmancers
  The ghost of hitsuchi the Arsonist, a novice MDCA of Ignis (D:6)
  3 thermic dynamos
  26 ugly things
  A wolf spider (shapeshifter) (Depths:2)
  4 stone giant zombies
  An iron dragon zombie (Crypt:3)
  4 orc knights
  3 orc sorcerers
  13 wolf spiders
  A cyclops (D:15)
  9 fauns
  A shadow dragon skeleton (Depths:1)
  7 manticores
  6 vault sentinels
  3 merfolk sirens
  5 elephants
  2 naga magi (Vaults:1)
  7 moths of wrath
  An ice statue (Elf:2)
  3 black mambas
  A centaur zombie (Crypt:1)
  2 dire elephant zombies
  32 slime creatures
  2 kobold blastminers
  A gargoyle (D:12)
  A fire giant skeleton (Crypt:1)
  3 meliai (Gauntlet)
  2 dire elephant skeletons
  6 water nymphs
  2 torpor snails
  A naga skeleton (Crypt:1)
  12 cane toads
  A rime drake (Lair:3)
  An alligator snapping turtle zombie (Crypt:1)
  2 kobold demonologists
  26 yaktaurs
  Jeremiah (D:7)
  A freezing wraith (Crypt:1)
  An efreet (D:15)
  An unseen horror (D:12)
  6 komodo dragons
  A tormentor (Depths:1)
  6 polar bears
  A tengu conjurer (D:15)
  An unseen horror skeleton (Crypt:1)
  6 guardian mummies
  4 wind drakes
  22 merfolk
  4 harpy zombies
  15 tarantellas
  2 trolls
  2 harpy skeletons
  An iron dragon simulacrum (Crypt:3)
  A spectral elephant (Lair:5)
  2 snapping turtles (Shoals:4)
  10 blink frogs
  2 glass eyes (Depths:2)
  5 dream sheep (Lair:5)
  12 jumping spiders
  11 culicivoras
  A guardian serpent skeleton (Crypt:1)
  Sigmund (D:4)
  A black mamba zombie (Crypt:2)
  2 elf skeletons
  A ynoxinul (D:15)
  3 centaur simulacra
  An orc simulacrum (Crypt:3)
  12 water elementals
  7 air elementals
  9 wraiths
  2 wyverns
  A tyrant leech zombie (Crypt:1)
  3 fire bats (Gauntlet)
  4 fire elementals
  A black mamba skeleton (Crypt:2)
  53 yaks
  4 vampire mosquitoes
  A warg (Orc:2)
  Eustachio (D:4)
  39 redbacks
  A steam dragon (D:9)
  A spectral cane toad (Lair:5)
  2 swamp worms (shapeshifter) (Depths:2)
  7 water moccasins
  2 hell hounds (D:14)
  2 great orb of eyes simulacra (IceCv)
  2 glowing shapeshifter skeletons (Vaults:3)
  3 human skeletons (Vaults:3)
  5 black bears
  24 orc warriors
  A meliai simulacrum (D:10)
  11 laughing skulls
  An elephant zombie (Lair:5)
  9 wolves
  2 ogres
  8 centaurs
  A phantom (D:6)
  8 boggarts
  2 slime creature simulacra (IceCv)
  A nameless horror (Spider:2)
  Blork the orc (D:5)
  A salamander zombie (Crypt:2)
  2 kobold brigands
  11 bullfrogs
  5 glowing shapeshifter simulacra (IceCv)
  2 draconian skeletons
  2 earth elementals (Elf:2)
  A salamander skeleton (Crypt:3)
  A gnoll sergeant (D:13)
  A small abomination (Gauntlet)
  A scorpion (D:6)
  8 killer bees
  A yak zombie (Crypt:2)
  An elephant simulacrum (Lair:5)
  2 electric eels
  4 howler monkeys
  A hound (D:4)
  9 jellies
  16 orc priests
  Ijyb (D:3)
  Natasha (D:2)
  A sleepcap (D:7)
  2 iguanas
  16 orc wizards
  3 hell rats (Lair:1)
  A sky beast zombie (Crypt:2)
  9 gnolls
  3 adders
  A white imp (D:6)
  An ufetubus (D:6)
  3 ribbon worms
  3 dart slugs (D:1)
  A ribbon worm (shapeshifter) (Depths:3)
  59 orcs
  6 endoplasms
  A giant cockroach (D:4)
  6 goblins
  4 hobgoblins
  3 jackals (D:3)
  15 kobolds
  3 quokkas
  8 ball pythons
  7 bats
  A bombardier beetle zombie (Crypt:2)
  A frilled lizard (D:1)
  6 rats
  A river rat skeleton (Crypt:1)
1429 creatures vanquished.

Vanquished Creatures (collateral kills)
  An orb of fire (Zot:5)
  2 Killer Klowns (Zot:5)
  A caustic shrike (Depths:3)
  Margery (Crypt:1)
  2 curse toes
  6 golden dragons
  A pandemonium lord (Depths:1)
  A Brimstone Fiend (Depths:1)
  A hellephant (Crypt:1)
  9 tentacled monstrosities
  2 titans (Vaults:5)
  5 liches
  A walking divine tome (Depths:2)
  A walking frostbound tome (Depths:3)
  15 Orb Guardians
  2 sphinxes
  4 quicksilver dragons
  Polyphemus (Shoals:3)
  9 death cobs
  An ancient champion (Vaults:3)
  4 storm dragons
  4 tengu reavers
  Roxanne (Shoals:1)
  7 shadow dragons
  A revenant (Crypt:1)
  3 protean progenitors
  2 draconian monks
  A rockslime (IceCv)
  5 frost giants
  4 fire giants
  2 draconian shifters
  7 emperor scorpions
  3 deep elf sorcerers (Elf:3)
  3 iron dragons
  6 ghost moths
  2 draconian scorchers (Zot:5)
  3 deep elf elementalists (Elf:3)
  6 vault wardens
  2 ghouls
  An orc warlord (Orc:1)
  A draconian annihilator (Zot:2)
  3 draconian stormcallers
  7 ironbound preservers
  2 formless jellyfish
  A quicksilver ooze (IceCv)
  5 very ugly things
  A caustic shrike skeleton (Crypt:2)
  2 black draconians
  A reaper (Depths:1)
  14 stone giants
  5 ironbound thunderhulks
  2 ophanim (Depths:2)
  3 deep elf death magi
  2 apis (Depths:2)
  3 deep elf demonologists
  2 purple draconians
  9 vampire knights
  3 white draconians
  3 deep elf annihilators (Elf:3)
  A minotaur (Gauntlet)
  2 yellow draconians
  3 red draconians
  9 dire elephants
  3 spark wasps
  4 eidola
  Snorg (D:13)
  7 ettins
  Josephine (Lair:5)
  2 merfolk javelineers
  4 deep elf high priests
  7 merfolk impalers
  8 great orbs of eyes
  A fire dragon (Depths:4)
  4 entropy weavers
  5 jiangshi
  13 yaktaur captains
  22 vault guards
  4 ice dragons
  2 ogre magi (Vaults:5)
  A jorogumo (shapeshifter) (Depths:3)
  2 radroaches (Zot:5)
  A catoblepas (Shoals:3)
  4 boulder beetles
  A peacekeeper (Vaults:4)
  A sphinx zombie (Crypt:2)
  3 hydras
  3 merfolk aquamancers
  A two-headed ogre (shapeshifter) (Vaults:5)
  6 centaur warriors
  7 deep troll earth magi
  A death knight (Crypt:2)
  7 ironbound frosthearts
  2 tengu warriors
  9 dancing weapons
  A sphinx skeleton (Depths:2)
  3 two-headed ogres
  5 vampire magi
  4 deep troll shamans
  3 death yaks
  2 demonic crawlers
  3 orc high priests (Orc:2)
  2 satyrs
  A spriggan berserker (Depths:4)
  A hell hog (Zot:2)
  3 hell knights
  2 soul eaters
  An occultist (D:15)
  8 deep elf knights
  A skyshark (Shoals:2)
  A pharaoh ant (Spider:2)
  A shadow wraith (Vaults:5)
  9 skeletal warriors
  6 iron trolls
  A spectral anaconda (Lair:5)
  A bunyip zombie (Crypt:2)
  2 sun demons (Zot:2)
  32 deep trolls
  7 orb spiders
  11 sea snakes
  3 arcanists (Vaults:4)
  2 spriggan druids (Elf:1)
  A glowing orange brain (Depths:3)
  6 deep elf archers
  An anaconda zombie (Crypt:1)
  A spark wasp zombie (Depths:1)
  A flayed ghost (Crypt:1)
  A deep troll (shapeshifter) (Depths:3)
  3 lindwurms (Vaults:3)
  11 deep elf pyromancers
  A large abomination (D:14)
  2 thermic dynamos
  4 steelbarb worms
  6 necromancers
  6 ironbound convokers
  5 harpies
  4 orc knights
  15 phantasmal warriors
  12 deep elf zephyrmancers
  10 wolf spiders
  A steelbarb worm (shapeshifter) (Vaults:4)
  3 orc sorcerers
  12 manticores
  A frost giant zombie (Depths:1)
  A faun (shapeshifter) (Vaults:5)
  A cyclops (D:6)
  10 fauns
  4 moths of wrath
  2 spectral centaurs (D:10)
  9 elephants
  3 human skeletons (Vaults:3)
  11 ugly things
  8 cane toads
  2 centaur zombies
  An ice statue (Elf:2)
  A rust devil (Depths:1)
  A black mamba (Lair:4)
  6 merfolk sirens
  Joseph (D:7)
  11 vault sentinels
  9 water nymphs
  A naga mage (Vaults:1)
  2 torpor snails
  3 centaur skeletons
  A kobold demonologist (D:13)
  A dire elephant skeleton (Crypt:1)
  A rime drake (Lair:1)
  An ice devil (Zot:1)
  A komodo dragon (D:10)
  A minotaur zombie (Gauntlet)
  20 yaktaurs
  2 freezing wraiths
  A red devil (D:15)
  A troll (shapeshifter) (Elf:1)
  2 tengu conjurers
  3 wind drakes
  A harpy zombie (Crypt:1)
  A troll (Orc:1)
  25 merfolk
  A hornet (D:8)
  2 hellwings
  A harpy skeleton (Crypt:1)
  A guardian serpent zombie (Crypt:3)
  6 tarantellas
  7 blink frogs
  9 dream sheep (Lair:5)
  An ettin zombie (Crypt:3)
  4 snapping turtles
  2 dream sheep (shapeshifter)
  24 jumping spiders
  5 glass eyes
  2 ettin skeletons
  A shadow (D:10)
  2 centaur simulacra
  2 jumping spiders (shapeshifter)
  18 water elementals
  3 air elementals
  8 culicivoras
  14 slime creatures
  4 wraiths
  4 wyverns
  A dire elephant simulacrum (Lair:5)
  A vampire (D:11)
  2 fire elementals (D:14)
  2 basilisks (Lair:5)
  2 humans (D:7)
  A human (shapeshifter) (Vaults:5)
  A fire bat (Gauntlet)
  3 wargs
  27 yaks
  2 steam dragons
  A vampire mosquito (D:14)
  3 naga zombies
  33 redbacks
  A harpy simulacrum (Crypt:3)
  2 human zombies
  A spectral cane toad (Lair:5)
  A small abomination (Gauntlet)
  3 water moccasins
  2 great orb of eyes simulacra (IceCv)
  A sky beast (D:6)
  24 orc warriors
  An elephant zombie (Lair:5)
  A swamp drake (D:15)
  A swamp dragon zombie (Crypt:1)
  8 laughing skulls
  2 ogres
  9 wolves
  3 boggarts
  A torpor snail zombie (Crypt:1)
  An elephant skeleton (Lair:5)
  A lemure (D:8)
  6 centaurs
  3 slime creature simulacra (IceCv)
  4 kobold brigands
  A nameless horror (Zot:5)
  A brain worm (D:13)
  4 bullfrogs
  A fire crab zombie (Crypt:1)
  A gnoll sergeant (D:9)
  2 scorpions
  A glowing shapeshifter simulacrum (IceCv)
  5 wights (D:8)
  A cyclops skeleton (Crypt:3)
  6 killer bees
  An electric eel (Spider:4)
  A howler monkey (D:9)
  4 jellies (Lair:5)
  A hound (D:6)
  19 orc priests
  A gnoll bouda (D:8)
  An iguana (D:7)
  9 orc wizards
  Natasha (twice) (D:2)
  A hell rat (Lair:1)
  9 gnolls
  A river rat (D:13)
  An adder (D:5)
  A shadow imp (D:7)
  A white imp (D:7)
  An ufetubus (D:6)
  48 orcs
  An endoplasm (Lair:5)
  12 kobolds
  A jackal skeleton (Crypt:1)
  A butterfly (Lair:1)
1142 creatures vanquished.

Vanquished Creatures (others)
  A lich (Crypt:1)
  Kirke (D:14)
  A vampire knight (Crypt:3)
  A death yak (Shoals:3)
  A hell knight (Crypt:1)
  2 phantasmal warriors
  2 yaktaurs (Zot:5)
  A slime creature (IceCv)
  A wraith (Crypt:3)
  A hog (D:14)
  2 humans (D:14)
  A redback (Spider:3)
  2 centaurs (D:8)
  A howler monkey (D:8)
  92 battlemagi
  A kobold (D:7)
111 creatures vanquished.

Grand Total: 2682 creatures vanquished

Notes
Turn   | Place    | Note
-------+----------+-------------------------------------------
     0 | D:1      | nakedcarnage the Octopode Wanderer began the quest for the
                  | Orb.
     0 | D:1      | nakedcarnage set off with the following items: a +0 long
                  | sword, a +0 mace, a wand of flame (6), a scroll of
                  | butterflies.
     0 | D:1      | Reached XP level 1. HP: 13/13 MP: 1/1
   105 | D:1      | Reached XP level 2. HP: 19/19 MP: 2/2
   667 | D:1      | Reached XP level 3. HP: 25/25 MP: 3/3
  1035 | D:2      | Noticed Natasha
  1138 | D:2      | Identified the +1 ring mail of Ubaeqiec {Stlth+}
  1186 | D:2      | Learned a level 1 spell: Summon Small Mammal
  1658 | D:2      | Reached XP level 4. HP: 23/31 MP: 4/4
  2026 | D:2      | Reached skill level 1 in Summonings
  3330 | D:3      | Learned a level 3 spell: Call Canine Familiar
  3450 | D:3      | Found Letruh's Vocational Training.
  3451 | D:3      | Noticed Ijyb
  3485 | D:4      | Noticed a black bear
  3530 | D:4      | Reached skill level 1 in Spellcasting
  3550 | D:4      | Found Caazearobu's General Store.
  3551 | D:4      | Noticed Sigmund
  3566 | D:5      | Entered Level 5 of the Dungeon
  3570 | D:5      | Reached skill level 1 in Dodging
  3586 | D:4      | Found a staircase to the Ecumenical Temple.
  3592 | Temple   | Entered the Ecumenical Temple
  3607 | Temple   | Became a worshipper of Hepliaklqana the Forgotten
  3629 | D:4      | Reached XP level 5. HP: 36/36 MP: 6/6
  4068 | D:4      | Found a bloodstained altar of Trog.
  4089 | D:4      | Noticed Eustachio
  4196 | D:4      | Killed Sigmund
  4197 | D:4      | Reached XP level 6. HP: 29/42 MP: 7/9
  4252 | D:4      | Found Mymogoe's Armour Shop.
  4408 | D:4      | Bought a wand of flame (15) for 136 gold pieces
  4408 | D:4      | Bought a wand of paralysis (6) for 187 gold pieces
  4541 | D:3      | Killed Ijyb
  4899 | D:4      | Killed a black bear
  4900 | D:4      | Reached skill level 5 in Summonings
  4900 | D:4      | Reached XP level 7. HP: 46/46 MP: 10/10
  5097 | D:5      | Found a hide-covered altar of Uskayaw.
  5154 | D:5      | Found a sacrificial altar of Ru.
  5176 | D:5      | Reached * piety under Hepliaklqana
  5594 | D:5      | Noticed Blork the orc
  5615 | D:5      | Killed Blork the orc
  5706 | D:5      | Learned a level 3 spell: Ozocubu's Armour
  5753 | D:6      | Reached XP level 8. HP: 46/48 MP: 11/11
  5760 | D:6      | Reached skill level 5 in Fighting
  5914 | D:6      | Found a shadowy altar of Dithmenos.
  6045 | D:6      | Found a runed translucent gate.
  6045 | D:6      | Found a runed translucent gate.
  6045 | D:6      | Found a runed translucent gate.
  6046 | D:6      | Noticed hitsuchi's ghost (novice MDCA)
  6193 | D:6      | Found an opulent altar of Gozag.
  6279 | D:6      | Noticed a cyclops
  6282 | D:6      | Reached ** piety under Hepliaklqana
  6283 | D:6      | Remembered your ancestor Soruarai as a battlemage
  6476 | D:7      | Noticed Jeremiah
  6492 | D:7      | Killed Jeremiah
  6493 | D:7      | Reached skill level 5 in Dodging
  6493 | D:7      | Reached XP level 9. HP: 27/57 MP: 12/12
  6677 | D:7      | Noticed Joseph
  6688 | D:7      | Killed Joseph
  6689 | D:7      | Reached skill level 1 in Shields
  6832 | D:7      | Found an iron altar of Okawaru.
  7073 | D:7      | Reached skill level 5 in Polearms
  7232 | D:8      | Noticed a hornet
  7235 | D:8      | Found a shimmering altar of Xom.
  7236 | D:8      | Noticed a two-headed ogre
  7241 | D:8      | Killed a hornet
  7242 | D:8      | Reached skill level 1 in Ice Magic
  7242 | D:8      | Reached XP level 10. HP: 63/63 MP: 13/13
  7253 | D:7      | Killed a two-headed ogre
  7346 | D:8      | Noticed Pikel
  7355 | D:8      | Killed Pikel
  7416 | D:8      | Learned a level 4 spell: Summon Lightning Spire
  8027 | D:8      | Reached *** piety under Hepliaklqana
  8036 | D:8      | Found a glowing golden altar of the Shining One.
  8539 | D:2      | Killed Natasha
  8643 | D:2      | Noticed Natasha
  8647 | D:2      | Killed Natasha
  8935 | D:2      | Noticed Natasha
  8940 | D:2      | Killed Natasha
  9372 | D:4      | Found Mymogoe's Armour Shop.
  9453 | D:4      | Found Caazearobu's General Store.
  9531 | D:4      | Found a staircase to the Ecumenical Temple.
  9544 | D:4      | Killed Eustachio
  9669 | D:4      | Found a bloodstained altar of Trog.
  9953 | D:9      | Found a stormy altar of Qazlal.
 10226 | D:9      | Found a glowing silver altar of Zin.
 10262 | D:9      | Reached XP level 11. HP: 67/67 MP: 14/14
 10272 | D:9      | Reached skill level 1 in Air Magic
 10494 | D:10     | Entered Level 10 of the Dungeon
 10804 | D:10     | Reached skill level 5 in Ice Magic
 11026 | D:10     | Found a staircase to the Lair.
 11667 | D:10     | Found a runed translucent gate.
 11667 | D:10     | Found a runed translucent gate.
 11669 | D:10     | Found a runed translucent gate.
 11672 | D:10     | Noticed Revguard's ghost (journeyman DsGl)
 11747 | D:11     | Noticed a two-headed ogre
 11754 | D:11     | Killed a two-headed ogre
 11842 | D:11     | Noticed a two-headed ogre
 11851 | D:11     | Killed a two-headed ogre
 11852 | D:11     | Reached skill level 10 in Polearms
 11936 | D:11     | Reached **** piety under Hepliaklqana
 12410 | D:11     | Identified a scroll of acquirement
 12565 | D:4      | Bought a +6 ring of intelligence for 468 gold pieces
 12734 | Lair:1   | Entered Level 1 of the Lair of Beasts
 12971 | Lair:1   | Reached XP level 12. HP: 71/73 MP: 16/16
 13087 | Lair:1   | Noticed Harold
 13119 | Lair:1   | Killed Harold
 13505 | Lair:1   | Learned a level 3 spell: Summon Ice Beast
 13925 | Lair:2   | Reached skill level 5 in Invocations
 14245 | Lair:2   | Found a staircase to the Shoals.
 14249 | Lair:2   | Noticed a six-headed hydra
 14258 | Lair:2   | Killed a six-headed hydra
 14480 | Lair:2   | Noticed a six-headed hydra
 14489 | Lair:2   | Killed a six-headed hydra
 14731 | Lair:2   | Reached XP level 13. HP: 81/81 MP: 19/19
 15182 | Lair:2   | Learned a level 5 spell: Summon Mana Viper
 15322 | Lair:3   | Reached skill level 5 in Spellcasting
 15602 | Lair:3   | Found a hole to the Spider Nest.
 16253 | Lair:4   | Reached skill level 10 in Fighting
 16380 | Lair:4   | Reached ***** piety under Hepliaklqana
 17616 | Lair:5   | Entered Level 5 of the Lair of Beasts
 17852 | Lair:5   | Noticed Josephine
 18154 | Lair:4   | Reached XP level 14. HP: 63/90 MP: 16/21
 18370 | Lair:5   | Found a runed translucent door.
 18372 | Lair:5   | Noticed paps's ghost (journeyman TrGl)
 18376 | Lair:5   | Found a staircase to the Slime Pits.
 18802 | Lair:5   | Noticed a dire elephant
 18802 | Lair:5   | Noticed a dire elephant
 18802 | Lair:5   | Noticed a dire elephant
 18803 | Lair:5   | Noticed a dire elephant
 18813 | Lair:5   | Killed a dire elephant
 18836 | Lair:5   | Reached skill level 5 in Shields
 18867 | Lair:5   | Noticed a dire elephant
 19010 | Lair:5   | Noticed a dire elephant
 19022 | Lair:5   | Killed a dire elephant
 19346 | Lair:5   | Killed Josephine
 19392 | Lair:5   | Reached skill level 1 in Hexes
 19876 | Lair:5   | Reached skill level 5 in Evocations
 20806 | D:6      | Killed hitsuchi's ghost
 20810 | D:6      | Reached XP level 15. HP: 99/99 MP: 23/23
 21025 | D:12     | Found a staircase to the Orcish Mines.
 21185 | D:12     | Found a portal to a secret trove of treasure.
 21929 | D:13     | Noticed Frances
 21999 | D:13     | Found a gate to the Vaults.
 22060 | D:13     | Noticed Snorg
 22069 | D:13     | Killed Snorg
 22405 | D:13     | Killed Frances
 22406 | D:13     | Reached skill level 10 in Dodging
 22406 | D:13     | Noticed Sonja
 23291 | D:13     | Sonja changed into Sonja the brain worm
 23291 | D:13     | Noticed Sonja
 23294 | D:13     | Killed Sonja the brain worm
 23309 | D:13     | Found Huode's Armour Emporium.
 24062 | D:14     | Noticed Azrael
 24142 | D:14     | Found a gate leading to a gauntlet.
 24162 | D:14     | Found Toeluli Cywk's Antique Weapon Shop.
 24196 | D:14     | Identified the +1 pair of boots of the Blue Slorg {rElec
                  | Str+3}
 24215 | D:14     | Killed Kirke
 24217 | Gauntlet | Entered a Gauntlet
 24217 | Gauntlet | Found a transporter.
 24217 | Gauntlet | Found a transporter.
 24229 | Gauntlet | Found a transporter.
 24229 | Gauntlet | Found the +3 pair of gauntlets of War {Slay+5}
 24243 | Gauntlet | Found a large runed translucent door.
 24244 | Gauntlet | Found a large runed translucent door.
 24245 | Gauntlet | Found a large runed translucent door.
 24245 | Gauntlet | Found a large runed translucent door.
 24245 | Gauntlet | Found a large runed translucent door.
 24245 | Gauntlet | Found a large runed translucent door.
 24245 | Gauntlet | Found a large runed translucent door.
 24245 | Gauntlet | Found a large runed translucent door.
 24246 | Gauntlet | Found a runed translucent door.
 24246 | Gauntlet | Found a runed translucent gate.
 24247 | Gauntlet | Found a transporter.
 24247 | Gauntlet | Found a runed translucent gate.
 24247 | Gauntlet | Found a transporter.
 24247 | Gauntlet | Found a transporter.
 24249 | Gauntlet | Found a transporter.
 24249 | Gauntlet | Found a transporter.
 24266 | Gauntlet | Found a transporter.
 24277 | Gauntlet | Found a transporter.
 24286 | Gauntlet | Found a transporter.
 24293 | Gauntlet | Found a runed translucent door.
 24307 | Gauntlet | Found a transporter.
 24315 | Gauntlet | Found a large runed translucent door.
 24316 | Gauntlet | Found a large runed translucent door.
 24317 | Gauntlet | Found a large runed translucent door.
 24317 | Gauntlet | Found a large runed translucent door.
 24317 | Gauntlet | Found a large runed translucent door.
 24317 | Gauntlet | Found a large runed translucent door.
 24318 | Gauntlet | Found a large runed translucent door.
 24318 | Gauntlet | Found a large runed translucent door.
 24318 | Gauntlet | Found a runed translucent gate.
 24318 | Gauntlet | Found a runed translucent door.
 24323 | Gauntlet | Found a transporter.
 24336 | Gauntlet | Found a transporter.
 24452 | Gauntlet | Identified the ring "Homarybo" {Ice *Slow Fly Dex-2 Slay+5}
 24520 | Gauntlet | Identified the ring "Diriph" {Fly rF+ Will- MP+9 Slay+2}
 24728 | Gauntlet | Learned a level 4 spell: Manifold Assault
 24730 | Gauntlet | Learned a level 1 spell: Apportation
 24891 | D:14     | Noticed Rupert
 24902 | D:14     | Killed Rupert
 25189 | D:14     | Killed Azrael
 25530 | D:15     | Entered Level 15 of the Dungeon
 25787 | D:15     | Reached XP level 16. HP: 107/107 MP: 25/25
 25796 | D:15     | Reached skill level 10 in Shields
 26029 | D:15     | Found a staircase to the Depths.
 27066 | D:15     | Identified the ring "Sesonw Peow" {Int+6 Slay+3 SInv} (You
                  | found it on level 15 of the Dungeon)
 27318 | Orc:1    | Entered Level 1 of the Orcish Mines
 27518 | Orc:2    | Entered Level 2 of the Orcish Mines
 27561 | Orc:2    | Found a staircase to the Elven Halls.
 27596 | Orc:2    | Noticed Saint Roka
 27606 | Orc:2    | Killed Saint Roka
 28925 | Orc:2    | Found Sudghaodgh's Antique Armour Emporium.
 28925 | Orc:2    | Found Hetzuer's Assorted Antiques.
 28975 | Orc:2    | Found Uhezuris's Antique Weapon Emporium.
 28975 | Orc:2    | Found Qaz Ukhi's Distillery.
 28985 | Orc:2    | Bought a potion of heal wounds for 75 gold pieces
 28985 | Orc:2    | Bought a potion of resistance for 150 gold pieces
 28985 | Orc:2    | Bought a potion of lignification for 45 gold pieces
 28986 | Orc:2    | Bought a scroll labelled PICVAA BEVUNISE for 23 gold pieces
 29106 | Elf:1    | Entered Level 1 of the Elven Halls
 29198 | Elf:1    | Reached skill level 5 in Air Magic
 29214 | Elf:1    | Reached skill level 10 in Summonings
 29531 | Elf:1    | Found Tarr's General Store.
 29536 | Elf:1    | Bought a potion of enlightenment for 70 gold pieces
 29551 | Elf:1    | Found a shimmering blue altar of Sif Muna.
 29589 | Elf:1    | Reached skill level 5 in Hexes
 29908 | Elf:1    | Reached XP level 17. HP: 112/112 MP: 27/27
 30672 | Elf:2    | Found a glacial archway.
 30725 | IceCv    | Entered an ice cave
 31668 | IceCv    | Found a viscous altar of Jiyva.
 31685 | IceCv    | Identified the +0 ice dragon scales of the Shining Light
                  | {Fly rPois rF- rC++ rN+++ Int-4}
 31688 | IceCv    | Identified the +6 long sword of Winlodit {freeze, rF++}
 31939 | Elf:2    | Reached skill level 1 in Shapeshifting
 32095 | Orc:2    | Bought a potion of magic for 120 gold pieces
 32095 | Orc:2    | Bought a potion of curing for 45 gold pieces
 32095 | Orc:2    | Bought a potion of resistance for 150 gold pieces
 32095 | Orc:2    | Bought a potion of curing for 45 gold pieces
 32095 | Orc:2    | Bought a potion of curing for 45 gold pieces
 32095 | Orc:2    | Bought a potion of curing for 45 gold pieces
 32095 | Orc:2    | Bought a potion of curing for 45 gold pieces
 32674 | Elf:2    | Paralysed by an air elemental for 1 turns
 32995 | Elf:2    | Paralysed by an air elemental for 1 turns
 33093 | Elf:2    | Found a runed translucent door.
 33127 | Elf:2    | Found a runed translucent door.
 33203 | Elf:3    | Entered Level 3 of the Elven Halls
 33285 | Elf:3    | Found a radiant altar of Vehumet.
 33967 | Elf:3    | Reached XP level 18. HP: 117/117 MP: 28/28
 34330 | Elf:3    | Paralysed by an air elemental for 1 turns
 34509 | Elf:3    | Learned a level 7 spell: Monstrous Menagerie
 34663 | Abyss:2  | Cast into level 2 of the Abyss (a deep elf demonologist)
 34672 | Elf:3    | Escaped the Abyss
 34687 | Elf:3    | Reached skill level 5 in Shapeshifting
 35544 | Elf:3    | Identified the ring "Qadok" {rN+ Will++ Str-4 Int+4}
 37924 | Elf:3    | Acquired 616 gold pieces
 38092 | Elf:3    | Identified the ring "Roathrueh" {rC+ rCorr MP+9}
 38578 | Elf:3    | Identified the ring "Ebunileo" {rElec rCorr Str+3}
 38615 | Elf:3    | Noticed a deep elf master archer
 38619 | Elf:3    | Killed a deep elf master archer
 39353 | Elf:3    | Reached skill level 15 in Fighting
 39588 | Elf:3    | Identified the +1 arbalest of Dyteru {drain, Fly rPois rF+
                  | Stlth-}
 39787 | Elf:3    | Found a radiant altar of Vehumet.
 40359 | D:10     | Killed Revguard's ghost
 40409 | D:10     | Learned a level 2 spell: Blink
 40712 | Lair:5   | Reached skill level 1 in Translocations
 40960 | Lair:5   | Killed paps's ghost
 41111 | Lair:5   | Identified the ring "Xymmoh" {rC+ rN+ Str+4}
 41551 | Spider:1 | Entered Level 1 of the Spider Nest
 41832 | Spider:1 | Noticed Asterion
 42048 | Spider:2 | Reached XP level 19. HP: 125/125 MP: 21/31
 42901 | Spider:1 | Killed Asterion
 43156 | Spider:1 | Reached skill level 5 in Translocations
 44393 | Spider:4 | Entered Level 4 of the Spider Nest
 46009 | Spider:4 | Identified the +1 pair of gloves of Conscience {Dex+5}
 46017 | Spider:4 | Got a gossamer rune of Zot
 46029 | Spider:4 | Reached XP level 20. HP: 137/137 MP: 32/32
 46306 | Shoals:1 | Entered Level 1 of the Shoals
 46409 | Shoals:1 | Reached XP level 21. HP: 142/142 MP: 33/33
 46419 | Shoals:1 | Noticed Roxanne
 46508 | Shoals:1 | Noticed Nikola
 46523 | Shoals:1 | Killed Nikola
 47017 | Shoals:1 | Killed Roxanne
 47422 | Shoals:2 | Reached ****** piety under Hepliaklqana
 47914 | Shoals:3 | Noticed Ilsuiw
 47925 | Shoals:3 | Killed Ilsuiw
 48001 | Shoals:3 | Noticed Polyphemus
 48020 | Shoals:3 | Killed Polyphemus
 48021 | Shoals:3 | Reached skill level 10 in Shapeshifting
 48618 | Shoals:4 | Entered Level 4 of the Shoals
 48927 | Shoals:4 | Paralysed by an air elemental for 1 turns
 49340 | Shoals:4 | Got a barnacled rune of Zot
 49341 | Shoals:4 | Identified the +2 scimitar of the Mauling Gods {venom,
                  | Will++ Int-4}
 49342 | Shoals:4 | Identified the dragon-blood talisman of Hadjma {rElec Str+3
                  | Int+3}
 49653 | Shoals:4 | Reached XP level 22. HP: 147/147 MP: 34/34
 50101 | Vaults:1 | Entered Level 1 of the Vaults
 50536 | Vaults:1 | Identified the +2 hat of the Snake Pit {rPois rC++ rCorr
                  | Stlth+}
 50555 | Vaults:1 | Found a radiant altar of Vehumet.
 51180 | Vaults:1 | Identified the serpent talisman of Ybai {Will- rCorr Int+7
                  | Stlth-}
 51180 | Vaults:1 | Noticed Aizul
 51193 | Vaults:1 | Killed Aizul
 52067 | Vaults:2 | Found Fanocw's Magic Scroll Shoppe.
 52075 | Vaults:2 | Bought a scroll of teleportation for 45 gold pieces
 52075 | Vaults:2 | Bought a scroll of blinking for 112 gold pieces
 52111 | Vaults:2 | Reached skill level 15 in Shapeshifting
 52329 | Vaults:2 | Got the Precepts of Nocuous Breccia
 53031 | Vaults:3 | Found a staircase to the Crypt.
 53236 | Vaults:3 | Reached XP level 23. HP: 153/153 MP: 35/35
 53708 | Vaults:3 | Reached skill level 15 in Dodging
 54187 | Vaults:4 | Noticed Donald
 54193 | Vaults:4 | Killed Donald
 54536 | Vaults:4 | Reached skill level 15 in Shields
 54769 | Vaults:4 | Found Qihim's Distillery.
 54775 | Vaults:4 | Bought a potion of resistance for 160 gold pieces
 54775 | Vaults:4 | Bought a potion of lignification for 48 gold pieces
 54775 | Vaults:4 | Bought a potion of heal wounds for 80 gold pieces
 54775 | Vaults:4 | Bought a potion of haste for 160 gold pieces
 55349 | Depths:1 | Entered Level 1 of the Depths
 55410 | Depths:1 | Found Rieluum's Distillery.
 55414 | Depths:1 | Bought a potion of might for 64 gold pieces
 55414 | Depths:1 | Bought a potion of mutation for 128 gold pieces
 55414 | Depths:1 | Bought a potion of resistance for 160 gold pieces
 55414 | Depths:1 | Bought a potion of curing for 48 gold pieces
 55564 | Depths:1 | Found a gateway to Hell.
 55600 | Depths:1 | Learned a level 2 spell: Lesser Beckoning
 55604 | Depths:1 | Learned a level 3 spell: Passwall
 55756 | Depths:1 | Got Sif Muna's Verses on the Twinkling Chill
 55816 | Depths:1 | Reached XP level 24. HP: 163/163 MP: 35/35
 56131 | Depths:2 | Found the +4 consecrated labrys {holy, Valiant ^Fragile Fly
                  | SInv}
 56219 | Depths:2 | Reached skill level 10 in Invocations
 56471 | Depths:2 | Identified the +6 war axe of Greed {spect, rC+ Dex+5}
 56568 | Depths:2 | Reached skill level 1 in Earth Magic
 56651 | Depths:2 | Found a stormy altar of Qazlal.
 56953 | Depths:2 | Found a glowing golden altar of the Shining One.
 56953 | Depths:2 | Found a glowing silver altar of Zin.
 56953 | Depths:2 | Found a white marble altar of Elyvilon.
 57148 | Depths:2 | Found a one-way gate leading to the halls of Pandemonium.
 57455 | Depths:3 | Noticed a caustic shrike
 57460 | Depths:3 | Killed a caustic shrike
 57502 | Depths:3 | Noticed a caustic shrike
 57509 | Depths:3 | Killed a caustic shrike
 57640 | Depths:3 | Found a one-way gateway to a ziggurat.
 57697 | Depths:3 | Reached skill level 5 in Earth Magic
 57701 | Depths:3 | Identified the +7 rapier of Dried Tears {speed, Int+3
                  | Dex+4}
 57798 | Depths:3 | Identified the ring of the Evening {rC++ Int+2 Slay+4}
 57855 | Depths:3 | Identified the ring of the Meadowlark {*Corrode rN+ Will+
                  | Str+3 Slay+2}
 58016 | Depths:3 | Found Aphenge's Jewellery Emporium.
 58044 | Depths:3 | Found the +8 trishula "Condemnation" {holy, anguish, *Noise
                  | Fly rN+}
 58053 | Depths:3 | Reached XP level 25. HP: 173/173 MP: 34/35
 58115 | Depths:3 | Identified the ring "Rideon" {Fly Int+2 Stlth+}
 58181 | Depths:3 | Found a transporter.
 58254 | Depths:3 | Noticed a juggernaut
 58278 | Depths:3 | Killed a juggernaut
 58285 | Depths:3 | Found a transporter.
 58342 | Depths:3 | Identified the ring of Morality {Fly rF+ EV+5}
 58400 | Depths:3 | Found a one-way gate to the infinite horrors of the Abyss.
 58532 | Depths:3 | Found a transporter.
 58587 | Depths:3 | Found a transporter.
 58619 | Depths:3 | Found a one-way gate to the infinite horrors of the Abyss.
 58908 | Depths:4 | Entered Level 4 of the Depths
 59106 | Depths:4 | Found an opulent altar of Gozag.
 59264 | Depths:4 | Found a gate to the Realm of Zot.
 60187 | Crypt:1  | Entered Level 1 of the Crypt
 60230 | Crypt:1  | Reached skill level 15 in Polearms
 60251 | Crypt:1  | Noticed Margery
 60408 | Crypt:1  | Killed Margery
 60610 | Crypt:1  | Noticed Jory
 60618 | Crypt:1  | Killed Jory
 61380 | Crypt:2  | Found an ancient bone altar of Kikubaaqudgha.
 61436 | Crypt:3  | Entered Level 3 of the Crypt
 61451 | Crypt:3  | Reached skill level 15 in Summonings
 61542 | Crypt:3  | Reached XP level 26. HP: 180/180 MP: 30/35
 61572 | Crypt:3  | Found an ancient bone altar of Kikubaaqudgha.
 61658 | Crypt:3  | Identified the ring "Weegrili" {Fly Str+3}
 61854 | Crypt:3  | Identified the staff "Seimug" {rF+ rN+ Dex+3 Necro}
 61857 | Crypt:3  | Identified the ring of Cytitim {rF+ rN++ SInv}
 61857 | Crypt:3  | Identified the ring "Fytodipp" {Fire rN++}
 61857 | Crypt:3  | Identified the ring "Hurintet" {rF+ rN++ Str+2 Int+6}
 62197 | Crypt:3  | Noticed an ancient lich
 62211 | Crypt:3  | Killed an ancient lich
 62484 | Crypt:3  | Found a staircase to the Tomb.
 63863 | D:3      | Bought a manual of Evocations for 1040 gold pieces
 63863 | D:3      | Bought a manual of Invocations for 1040 gold pieces
 63869 | D:3      | Learned a level 5 spell: Borgnjor's Vile Clutch
 64214 | Vaults:5 | Entered Level 5 of the Vaults
 64219 | Vaults:5 | Identified the amulet "Demiusey" {Acrobat Stlth+}
 64229 | Vaults:5 | Noticed a dread lich
 64237 | Vaults:5 | Killed a dread lich
 64300 | Vaults:5 | Noticed a dread lich
 64311 | Vaults:5 | Killed a dread lich
 64385 | Vaults:5 | Identified the +7 glaive "Oqigoec" {antimagic, rF- rN+
                  | Int+5 Stlth+}
 64387 | Vaults:5 | Got a silver rune of Zot
 64402 | Vaults:5 | Identified the staff of Baramati {rF++ rN+ Necro}
 64424 | Vaults:5 | Identified the amulet "Cete" {Acrobat rElec rPois Slay+2}
 64513 | Vaults:5 | Reached XP level 27. HP: 186/186 MP: 14/35
 64906 | Vaults:5 | Identified the +0 longbow "Gram" {heavy, Will+ Stlth+}
 65040 | Vaults:5 | Identified the ring "Forget-Me-Not" {Wiz SInv}
 65046 | Vaults:5 | Reached skill level 10 in Evocations
 65122 | Vaults:5 | Got the Writings on Clay
 65231 | Vaults:5 | Got the Tome of the Actinic Fairies
 66003 | Orc:2    | Bought a scroll of enchant weapon for 172 gold pieces
 66003 | Orc:2    | Bought a scroll of teleportation for 69 gold pieces
 66321 | Zot:1    | Entered Level 1 of the Realm of Zot
 66653 | Depths:2 | Learned a level 4 spell: Vhi's Electric Charge
 67419 | Zot:2    | Reached skill level 15 in Invocations
 67666 | Zot:2    | Found a runed translucent door.
 67666 | Zot:2    | Noticed Ganeol's ghost (legendary MiBe)
 69039 | Zot:5    | Entered Level 5 of the Realm of Zot
 69584 | Zot:5    | Noticed a dread lich
 69592 | Zot:5    | Killed a dread lich
 69720 | Zot:5    | Noticed an orb of fire
 69721 | Zot:5    | Gained mutation: Your body sometimes deteriorates upon
                  | taking damage. [an orb of fire]
 69727 | Zot:5    | Gained mutation: Your body often deteriorates upon taking
                  | damage. [an orb of fire]
 69734 | Zot:5    | Killed an orb of fire
 69930 | Zot:5    | Noticed an orb of fire
 69938 | Zot:5    | Killed an orb of fire
 70011 | Zot:5    | Reached skill level 15 in Evocations
 70410 | Zot:5    | Noticed an orb of fire
 70420 | Zot:5    | Killed an orb of fire
 70879 | Zot:5    | Lost mutation: Your body often deteriorates upon taking
                  | damage. [potion of mutation]
 70879 | Zot:5    | Lost mutation: Your body sometimes deteriorates upon taking
                  | damage. [potion of mutation]
 70879 | Zot:5    | Gained mutation: You are dopey. (Int -2) [potion of
                  | mutation]
 70880 | Zot:5    | Lost mutation: You are dopey. (Int -2) [potion of mutation]
 70880 | Zot:5    | Gained mutation: You are vulnerable to cold. (rC-) [potion
                  | of mutation]
 70880 | Zot:5    | Gained mutation: You have a pair of small antennae on your
                  | head. [potion of mutation]
 70881 | Zot:5    | Lost mutation: You have a pair of small antennae on your
                  | head. [potion of mutation]
 70881 | Zot:5    | Lost mutation: You are vulnerable to cold. (rC-) [potion of
                  | mutation]
 70881 | Zot:5    | Gained mutation: You are somewhat resistant to further
                  | mutation. [potion of mutation]
 70882 | Zot:5    | Got the Orb of Zot
 71106 | Depths:1 | Noticed Din Guxa the pandemonium lord
 71110 | Depths:1 | Killed Din Guxa the pandemonium lord
 71398 | D:4      | Noticed a seraph
 71412 | D:3      | Noticed Fugo Nue the pandemonium lord
 71455 | D:$      | Escaped with the Orb!

Illustrated notes

Levels and vault maps discovered:
D:1:      minmay_arrival_diagonal_passages, layout_basic,
          kennysheep_nondescript, bh_walls_and_bars
D:2:      layout_basic, uniq_natasha
D:3:      layout_basic, minmay_misc_feat_diagonals, nicolae_shop_vocational,
          uniq_ijyb
D:4:      layout_loops_ring, bloody_trog, minmay_temple_entry_mist,
          serial_shops, kennysheep_mini_moat, nicolae_stop_n_shop_1,
          uniq_eustachio, uniq_sigmund
D:5:      layout_rooms, mainiacjoe_overflow_concentric_impassable,
          nicolae_ru_the_path_less_chosen, palyth_stone_intersect,
          uniq_blork_the_orc
D:6:      layout_cave_pools, mainiacjoe_overflow_24_doors,
          nicolae_dithmenos_through_a_glass_darkly, gammafunk_ghost_split
D:7:      layout_layer_cave, okawaru_humans, uniq_joseph, uniq_jeremiah
D:8:      layout_basic, tso_metal_star, xom_confusion_cloud,
          minmay_misc_feat_rugged, uniq_pikel
D:9:      layout_basic, mainiacjoe_overflow_six_doors_small,
          general_overflow_altar
D:10:     layout_roguey [special_room_orc], erik_lair_orcish_takeover,
          gammafunk_ghost_necromancy
D:11:     layout_roguey
D:12:     kennysheep_funnel, layout_rooms, orc_0_dummy, trove_entry_hex_spiral,
          minmay_orc_keep
D:13:     layout_loops_ring, erik_vaults_2, serial_shops, shop,
          serial_bayou_lagoon_b, uniq_snorg, uniq_frances, uniq_sonja
D:14:     nicolae_BIG_FREAKIN_CUBE, layout_rooms, serial_shops, shop,
          minmay_hedge_maze, gauntlet_entry_generic, kennysheep_generic_room_14,
          uniq_azrael, uniq_rupert, uniq_kirke
D:15:     grunt_enter_depths_magical_seal, layout_basic,
          hangedman_decor_opposing, minmay_protected_statue
Temple:   nicolae_temple_ecumenical_triangle
Lair:1:   layout_cave_pods, beast_lair_carwin_6, infiniplex_staircase_pool_2,
          grunt_megastairs_5, lemuel_fruit_fields, serial_bayou_shore_a,
          uniq_harold
Lair:2:   wad_woods_pond, layout_regular_city, minmay_shoals_entry_centaurs
Lair:3:   beast_lair_carwin_large_2, layout_chaotic_city,
          spider_nest_entry_rubble
Lair:4:   layout_layer_cave, grunt_megastairs_1
Lair:5:   due_jungle_book, layout_big_grid, minmay_slime_entry_jelly_boxes,
          serial_bayou, serial_bayou_pond_d, serial_bayou_pond_a,
          serial_bayou_shore_b, serial_bayou_pond_b, serial_bayou_pond_d,
          gammafunk_ghost_grave, serial_bayou_crossing, uniq_josephine
Shoals:1: layout_shoals, nicolae_shoals_land_atoll, st_sunken_temple,
          uniq_nikola, uniq_roxanne
Shoals:2: layout_shoals, nicolae_shoals_former_cling_ruins,
          nicolae_shoals_wave_tunnel
Shoals:3: cheibrodos_shoals_three_sisters, layout_shoals, uniq_ilsuiw,
          uniq_polyphemus
Shoals:4: shoals_end_hellmonk_storm_palace [storm_palace_center_square,
          storm_palace_corner_pillars, storm_palace_corner_pillars,
          storm_palace_corner_pillars, storm_palace_corner_narrow]
Spider:1: layout_cave_pods, uniq_asterion
Spider:2: layout_spider_delve
Spider:3: layout_spider_delve, hangedman_spider_tarantella_strand
Spider:4: grunt_spider_rune_circles
Orc:1:    layout_diamond_mine
Orc:2:    st_orc_pillars, layout_caves, uniq_saint_roka
Elf:1:    nicolae_elf_arrival_fired_up, layout_loops_cross, serial_shops, shop,
          basic_altar, kilobyte_rumbling_trees
Elf:2:    nicolae_elf_blades_splatter_lattice
          [nicolae_blade_entry_splitting_headache], layout_geoelf_diagonals,
          portal_ice_cave_entry_ice_statue_two, st_stairs_5
Elf:3:    minmay_elf_hall_curves, layout_geoelf_grid, basic_altar
Vaults:1: hangedman_vaults_nodes, ontoclasm_vaults_fault, grunt_tower_of_power,
          vaults_room_boxed, nicolae_vaults_tetromino_L_2,
          nicolae_vaults_diamond_1, nicolae_vaults_tetromino_T_1,
          dpeg_vaults_monster_box, layout_vaults_quadrants, uniq_aizul
Vaults:2: v_pattern_1, v_misc_17, nicolae_vaults_storage_room_statues,
          grunt_vaults_hallway_short, hangedman_vaults_capsules,
          vaults_standard_mumra_x, nicolae_vaults_diamond_1,
          vaults_dpeg_emergency_exit, v_misc_1,
          nicolae_vaults_storage_room_water, nicolae_vaults_trapezoid_4,
          nicolae_vaults_sealed_display, v_alt_pattern_6,
          nicolae_vaults_display_case, layout_vaults_chaotic_city, serial_shops,
          shop
Vaults:3: nicolae_vaults_turnstiles, v_rooms_5,
          serial_library_hellmonk_big_corner, nicolae_vaults_meiosis,
          nicolae_vaults_stairing_the_circle,
          minmay_crypt_entry_skeletal_spiral, vaults_dpeg_doors,
          nicolae_vaults_tetromino_L_1, nicolae_vaults_double_plus_2,
          nicolae_vaults_security_offices_1, v_rooms_5, v_pattern_4,
          nicolae_vaults_double_plus_1, ontoclasm_vaults_pinch,
          layout_vaults_omnicross
Vaults:4: nicolae_vaults_more_shelving_2, nicolae_vaults_more_shelving_1,
          vaults_mumra_hex, nicolae_vaults_shrinking_rooms_2,
          nicolae_vaults_door_testing_chamber, nicolae_vaults_specimen_jars,
          nicolae_vaults_closet_pinwheel_1, nicolae_vaults_fighting_squares,
          vaults_room_semicircle, nicolae_vaults_rhombus_6, layout_vaults_ring,
          serial_shops, nicolae_shop_industrial_runoff, uniq_donald
Vaults:5
Crypt:1:  hangedman_screamer, layout_rooms, uniq_jory, uniq_margery
Crypt:2:  layout_rooms, lemuel_mausoleum_altar_kikubaaqudgha, uniq_josephina
Crypt:3:  church_of_pain_bobbens, layout_chaotic_city, tomb_entry_simple_bobbens
Depths:1: layout_roguey, minmay_misc_feat_more_columns, hell_entry,
          corexii_hall_statues_x, kilobyte_mutagenic_chamber, minmay_shop_star
Depths:2: minmay_four_inscribed_fans, layout_cave_pools,
          nicolae_qazlal_style_of_elements, pf_hell_entry_great_geh, pan_entry,
          hallowed_hall, minmay_staircase_windowed_small
Depths:3: hangedman_spin_cycle, hell_entry, pan_entry, abyss_entry
Depths:4: grunt_zot_entry_pinwheel, layout_gridlike, hell_entry,
          minmay_door_square, st_stairs_6,
          nicolae_gozag_cash_rules_everything_around_me
Zot:1:    layout_onion_interference
Zot:2:    bobbens_index_wilting_gardens, layout_twisted_circle,
          gammafunk_ghost_grave
Zot:3:    layout_concentric_octagons
Zot:4:    hellmonk_paralyzer, layout_gridlike, gammafunk_ghost_tricky_traps,
          regret_index_zotdec_stipple_waver, grunt_ministairs_12
Zot:5:    layout_misc_corridors, st_stairs_7, nicolae_zot_crop_circle

Skill      XL: |  1  2  3  4  5  6  7  8  9 10 11 12 13 14 15 16 17 18 19 20 21 22 23 24 25 26 27 |
---------------+----------------------------------------------------------------------------------+-----
Stealth        | 2 3 |  3.0
Fighting       | 2 3 4 7 8 9 11 13 14 15 17 18 19 21 22 | 22.0
Summonings     | 2 4 5 6 8 10 13 15 | 15.0
Spellcasting   | 1 2 3 4 5 6 7 8 |  8.0
Dodging        | 1 2 3 5 6 7 8 9 11 12 13 14 15 17 19 21 | 21.0
Polearms       | 2 5 8 10 11 14 16 19 22 | 22.0
Shields        | 4 5 9 12 13 14 15 | 15.0
Ice Magic      | 1 4 5 |  5.0
Air Magic      | 3 5 7 |  7.0
Invocations    | 2 6 9 11 12 17 | 17.5
Hexes          | 2 3 5 6 7 |  7.0
Evocations     | 5 8 17 | 17.5
Shapeshifting  | 4 5 12 16 | 16.0
Translocations | 2 5 6 7 |  7.0
Earth Magic    | 5 |  5.0
Long Blades    | |  2.0
Maces & Flails | |  1.0

Action                     |  1- 3 |  4- 6 |  7- 9 | 10-12 | 13-15 | 16-18 | 19-21 | 22-24 | 25-27 || total
---------------------------+-------+-------+-------+-------+-------+-------+-------+-------+-------++-------
  Melee: Long sword        |    57 |    12 |       |       |       |       |       |       |       ||    69
         Constrict         |    15 |    19 |    19 |    60 |    70 |   152 |   153 |   125 |   162 ||   775
         Tentacles         |     9 |    15 |    26 |   105 |   170 |   270 |   231 |   544 |   516 ||  1886
         Spear             |       |    76 |    98 |       |       |       |       |       |       ||   174
         Dagger            |       |     2 |       |       |       |       |       |       |       ||     2
         Trident           |       |       |    37 |   433 |   799 |  1052 |  1000 |  1431 |   544 ||  5296
         Trishula          |       |       |       |       |       |       |       |       |   426 ||   426
         Demon trident     |       |       |       |       |       |       |       |       |   527 ||   527
  Throw: Dart              |     3 |     7 |       |     3 |     2 |       |     5 |       |       ||    20
   Cast: Summon Small Mamm |       |     1 |       |       |       |       |       |       |       ||     1
         Call Canine Famil |       |       |    12 |    23 |    35 |    20 |     5 |       |       ||    95
         Ozocubu's Armour  |       |       |       |     6 |     5 |     3 |       |       |       ||    14
         Summon Ice Beast  |       |       |       |     1 |    36 |    27 |     1 |     2 |       ||    67
         Summon Lightning  |       |       |       |       |       |    22 |    13 |     3 |    13 ||    51
         Apportation       |       |       |       |       |       |     8 |       |       |       ||     8
         Summon Mana Viper |       |       |       |       |       |    19 |    11 |     3 |    20 ||    53
         Passwall          |       |       |       |       |       |       |       |     2 |     5 ||     7
         Vhi's Electric Ch |       |       |       |       |       |       |       |       |     3 ||     3
 Invoke: Recall Ancestor   |       |       |     1 |     5 |    12 |    31 |     5 |       |    11 ||    65
         Ancestor Life: Ba |       |       |     1 |       |       |       |       |       |       ||     1
         Idealise          |       |       |       |     1 |     7 |     6 |     5 |     2 |     6 ||    27
  Evoke: Wand              |     2 |     6 |     6 |     3 |     8 |    12 |       |       |       ||    37
         Tin of tremorston |       |       |       |       |       |       |       |     2 |       ||     2
         Sack of spiders   |       |       |       |       |       |       |       |       |     2 ||     2
    Use: Scroll            |     2 |     3 |     2 |    10 |    21 |    11 |     2 |     4 |    28 ||    83
         Potion            |       |     1 |     1 |       |       |     7 |     1 |       |    12 ||    22
   Stab: Sleeping          |     8 |     6 |     5 |    11 |    10 |    11 |    13 |    21 |     9 ||    94
         Paralysed         |       |     6 |     2 |       |       |       |       |       |       ||     8
         Distracted        |       |       |     2 |     8 |    16 |    26 |    46 |    40 |    99 ||   237
         Petrified         |       |       |       |       |       |       |     8 |       |       ||     8
         Invisible         |       |       |       |       |       |       |       |       |    17 ||    17
 Armour: Skin              |    20 |    11 |    25 |    86 |   146 |    99 |   129 |   274 |   310 ||  1100
  Dodge: Dodged            |    42 |    51 |    55 |   219 |   302 |   349 |   461 |  1199 |  1427 ||  4105
  Block: Buckler           |       |       |     3 |    79 |    72 |       |       |       |       ||   154
         Kite shield       |       |       |       |       |    42 |   417 |   616 |  1479 |  1470 ||  4024
         Form:             |       |       |       |       |       |     1 |       |       |       ||     1
         Beast             |       |       |       |       |       |     1 |       |       |       ||     1
         Statue            |       |       |       |       |       |       |       |     1 |       ||     1

Table legend: (Time is in decaauts)
 A = Elapsed time spent in this place.
 B = Non-inter-level travel time spent in this place.
 C = Inter-level travel time spent in this place.
 D = Time resting spent in this place.
 E = Time spent auto-exploring this place.
 F = Levels seen in this place.
 G = Mean time per level.
                   A        B        C        D        E       F      G
               +--------+--------+--------+--------+--------+-----+--------+
         Total |  79514 |  68940 |  10574 |  16807 |  36169 |  54 | 1472.5 |
       Dungeon |  21628 |  17451 |   4177 |   3626 |  10384 |  15 | 1441.9 |
        Temple |     20 |     16 |      4 |      0 |      0 |   1 |   20.0 |
          Lair |   8955 |   7806 |   1149 |   1495 |   4768 |   5 | 1791.0 |
        Shoals |   3552 |   3335 |    217 |    362 |   1852 |   4 |  888.0 |
   Spider Nest |   4546 |   4326 |    220 |   1465 |   1964 |   4 | 1136.5 |
  Orcish Mines |   2220 |   1626 |    594 |    398 |    740 |   2 | 1110.0 |
   Elven Halls |  10502 |  10030 |    472 |   6110 |   2162 |   3 | 3500.7 |
        Vaults |   9786 |   8332 |   1454 |    163 |   5882 |   5 | 1957.2 |
         Crypt |   3546 |   3309 |    237 |    207 |   2152 |   3 | 1182.0 |
        Depths |   7670 |   6143 |   1527 |     69 |   4573 |   4 | 1917.5 |
           Zot |   5446 |   4926 |    520 |   1918 |   1564 |   5 | 1089.2 |
         Abyss |      8 |      8 |      0 |      0 |      0 |   1 |    8.0 |
      Ice Cave |   1127 |   1127 |      0 |    793 |     10 |   1 | 1127.0 |
      Gauntlet |    501 |    501 |      0 |    199 |    116 |   1 |  501.0 |
               +--------+--------+--------+--------+--------+-----+--------+

Top non-repeatable levels by time:
   Elf:3: 6715 daAuts
  Lair:5: 3213 daAuts
     D:2: 3098 daAuts
   Zot:5: 2674 daAuts
    D:13: 2487 daAuts
Vaults:2: 2425 daAuts
Depths:3: 2325 daAuts
   Zot:2: 2242 daAuts
    D:15: 2206 daAuts
   Elf:2: 2079 daAuts
Vaults:5: 2063 daAuts
Depths:2: 2026 daAuts
Vaults:3: 1984 daAuts
    D:12: 1846 daAuts
Vaults:4: 1815 daAuts
